 Dungeon Crawl Stone Soup version 0.20-a0-26-g154eb2c (webtiles) character file.

209 Arkorax the Chopper (level 5, 0/34 HPs)
             Began as a Gargoyle Berserker on Nov 7, 2016.
             Was a Believer of Trog.
             Killed by divine providence
             ... invoked by an orc priest
              (11 damage)
             ... on level 4 of the Dungeon.
             The game lasted 00:03:09 (1825 turns).

Arkorax the Chopper (Gargoyle Berserker)            Turns: 1825, Time: 00:03:10

Health: 0/34       AC: 18    Str: 22    XL:     5   Next: 87%
Magic:  0/5        EV:  8    Int:  7    God:    Trog [**....]
Gold:   147        SH:  0    Dex:  9    Spells: 0 memorised, 4 levels left

rFire  . . .     SeeInvis .     a - +0 hand axe
rCold  . . .     Gourm    .     B - +0 chain mail
rNeg   + . .     Faith    .     (no shield)
rPois  ∞         Spirit   +     u - +0 helmet
rElec  +         Reflect  .     (no cloak)
rCorr  .         Harm     .     t - +0 pair of gloves
MR     ++...                    h - +2 pair of boots {run}
Stlth  ..........               j - amulet of guardian spirit
                                (no ring)
                                (no ring)

@: regenerating, quick
A: negative energy resistance 1, electricity resistance, unbreathing,
petrification resistance, rot immunity, AC +4
a: Berserk, Trog's Hand, Burn Spellbooks, Renounce Religion


You were on level 4 of the Dungeon.
You worshipped Trog.
Trog was pleased with you.
You were hungry.

You visited 1 branch of the dungeon, and saw 4 of its levels.

You collected 147 gold pieces.

Inventory:

Hand Weapons
 a - a +0 hand axe (weapon)
Missiles
 d - 5 javelins (quivered)
Armour
 h - a +2 pair of boots of running (worn)
   (You found it on level 1 of the Dungeon)
 t - a +0 pair of gloves (worn)
 u - a +0 helmet (worn)
 B - a +0 chain mail (worn)
Jewellery
 j - an amulet of guardian spirit (around neck)
 x - an uncursed ring of stealth
 Z - a cursed amulet of inaccuracy
Wands
 y - a wand of lightning (6/15)
Scrolls
 e - 4 scrolls of remove curse
 g - 2 scrolls of recharging {unknown}
 i - 2 scrolls of identify
 l - 2 scrolls of teleportation {unknown}
 m - a scroll of fear {unknown}
 o - a scroll of fog {unknown}
 q - 2 scrolls of enchant armour {unknown}
 v - a scroll of magic mapping {unknown}
Potions
 p - 2 potions of lignification {!q}
 r - a potion of brilliance {!q}
 s - a potion of mutation {!q}
 w - a potion of haste {!q}
 z - a potion of resistance {!q}
Comestibles
 c - a bread ration {!e}
 f - 2 beef jerkies
 k - a meat ration {!e}
 A - a slice of pizza


   Skills:
 + Level 4.4 Fighting
 * Level 4.5 Axes
 + Level 3.6 Armour
 - Level 1.5 Dodging


You had 4 spell levels left.
You didn't know any spells.

Dungeon Overview and Level Annotations

Branches:
Dungeon (4/15)
 Temple: D:4-7

Altars:
Fedhas

Annotations:
D:4 Bulle's ghost, amateur DsBe


Innate Abilities, Weirdness & Mutations

You are resistant to torment.
Your stone body is resilient. (AC +4)
You are immune to poison.
You resist negative energy. (rN+)
You are resistant to electric shocks. (rElec)
You can survive without breathing.
You are immune to petrification.
You are immune to rotting.


Message History

s - a potion o' mutation As ye read tha scroll o' identify, it crumbles ta dust.
r - a potion o' brilliance As ye read tha scroll o' identify, it crumbles ta dust.
p - 2 potions o' lignification Put on which piece o' jewellery? (? fer menu, 'sc ta quit) Ye feel yer power drawn ta a protective spirit.
j - an amulet o' guardian spirit (around neck) Bulle's ghost (amateur Demonspawn Berserker) comes inta view.
Bulle's ghost turns its malevolent gaze towards ye.
Bulle's ghost be nearby!
Bulle's ghost be nearby!
Found 3 gold pieces an' a leathar armour.
A worker ant comes inta view.
Tha worker ant twitches its antennae in yer direction.
Tha worker ant moves outta view.
Bulle's ghost be nearby!
Unknown command.
Unknown command.
Bulle's ghost shrieks, "Ye will join me soon!"
Bulle's ghost whispers, "Tha ORB don't 'sist."
Re'lly walk inta tha teleport trap? [Y]'s or [N]o only, please.
Re'lly walk inta tha teleport trap?
Ye enter a teleport trap!
Tha teleport trap disappears.
Yer surroundin's sudd'nly seem different.
Ye start restin'.
Magic restored.
Ye start restin'.
Ye be feelin' hungry.
An orc priest comes inta view.
It be wieldin' a dagger.
Tha orc priest shouts!
Ye hear a shout! x3
Tha orc priest looks satisfied fer a momn't.
An orc an' 2 orc priests come inta view.
Tha orc priest shouts! x2; Tha orc shouts!
Tha orc priest hits ye but does nay damage.
Ye barely miss tha orc priest.
Tha orc priest mumbles some strange prayers ta Beogh against ye.
Pain shoots through yer body!
Tha orc priest mumbles some strange prayers ta Beogh against ye.
Beogh smites ye!
* * * LOW HITPOINT WARNIN'
* * * Damage: 18 (max 18) Unknown command.
Yer skin crawls.
Ye feel resistant ta hostile enchantmn'ts.
Ye feel somewhat more hungry.
Tha orc priest mumbles some strange prayers ta Beogh against ye.
Beogh smites ye!
Ye die...

# ####.#
###.@o.#
###...#o.#
###...###oo#
###...### ..#
#######...###
..#
........#.#
..#
..#####.#.#
..# #.....#.#
..#
..#.###.#.#


You could see 3 orc priests and an orc.

Vanquished Creatures
  An orc wizard (D:4)
  2 orc priests (D:3)
  A centaur skeleton (D:4)
  Robin (D:2)
  2 adders
  A dart slug (D:3)
  5 orcs
  A ball python (D:2)
  4 bats
  3 giant cockroaches
  14 goblins
  7 hobgoblins
  2 jackals (D:2)
  A quokka (D:2)
  4 frilled lizards
  3 kobolds
  5 rats
57 creatures vanquished.

Notes
Turn   | Place    | Note
-------+----------+-------------------------------------------
     0 | D:1      | Arkorax the Gargoyle Berserker began the quest for the Orb.
     0 | D:1      | Reached XP level 1. HP: 14/14 MP: 1/1
   182 | D:1      | Reached XP level 2. HP: 16/19 MP: 2/2
   191 | D:1      | Identified a +2 pair of boots of running (You found it on level 1 of the Dungeon)
   273 | D:1      | Reached skill level 3 in Axes
   576 | D:2      | Reached XP level 3. HP: 14/23 MP: 3/3
   633 | D:2      | Reached ** piety under Trog
   706 | D:2      | Noticed Robin
   732 | D:2      | Killed Robin
   835 | D:2      | Reached XP level 4. HP: 28/29 MP: 4/4
  1230 | D:3      | Reached skill level 3 in Armour
  1301 | D:3      | Reached skill level 4 in Fighting
  1301 | D:3      | Reached skill level 4 in Axes
  1301 | D:3      | Reached XP level 5. HP: 33/33 MP: 5/5
  1320 | D:3      | Found a blossoming altar of Fedhas.
  1723 | D:4      | Noticed Bulle's ghost (amateur DsBe)
  1824 | D:4      | HP: 10/34 [orc priest/divine providence (14)]
  1825 | D:4      | Killed from afar by an orc priest

Vault maps used:
D:1:      minmay_arrival_loop
D:2:      uniq_robin
D:3:      fedhas_altar_3
D:4:      serial_co_window_serial, co_window_corner_a,
          co_window_of_opportunity_a, co_window_of_opportunity_a,
          co_window_cross_1, co_window_corner_a, co_window_paths_a,
          co_window_of_opportunity_a, co_window_corner_ca, co_window_2corner,
          co_window_broadway_b, co_window_broadway_a, co_window_sun,
          co_window_4corner_a, glass_columns_b, glass_columns_a

Skill      XL: |  1  2  3  4 |
---------------+-------------+-----
Axes           | 3 4 |  4.5
Armour         | 3 |  3.6
Fighting       | 4 |  4.4
Dodging        | |  1.5

Action                   |  1- 3 |  4- 6 || total
-------------------------+-------+-------++-------
Melee: Hand axe          |   104 |    59 ||   163
Invok: Berserk           |     1 |     1 ||     2
       Trog's Hand       |     1 |     1 ||     2
  Use: Scroll            |       |     8 ||     8
  Eat: Chunk             |     1 |     3 ||     4
Armor: Animal skin       |    31 |       ||    31
       Ring mail         |    14 |    29 ||    43
       Chain mail        |       |     1 ||     1
Dodge: Dodged            |    89 |    31 ||   120

Table legend:
 A = Turns spent in this place as a percentage of turns spent in the entire game.
 B = Non-inter-level travel turns spent in this place as a percentage of non-inter-level travel turns spent in the entire game.
 C = Inter-level travel turns spent in this place as a percentage of turns spent in this place.
 D = Turns resting spent in this place as a percentage of non-inter-level travel turns spent in this place.
 E = Turns spent auto-exploring this place as a percentage of non-inter-level travel turns spent in this place.
 F = Non-inter-level travel turns spent in this place divided by the number of levels of this place that you've seen.
                   A       B       C       D       E      F
               +-------+-------+-------+-------+-------+----------------------
         Total | 100.0 | 100.0 |   0.8 |   0.7 |  13.6 | 185.5
       Dungeon | 100.0 | 100.0 |   0.8 |   0.7 |  13.6 | 185.5
               +-------+-------+-------+-------+-------+----------------------

Vault maps used:
D:1:      minmay_arrival_loop
D:2:      uniq_robin
D:3:      fedhas_altar_3
D:4:      serial_co_window_serial, co_window_corner_a,
          co_window_of_opportunity_a, co_window_of_opportunity_a,
          co_window_cross_1, co_window_corner_a, co_window_paths_a,
          co_window_of_opportunity_a, co_window_corner_ca, co_window_2corner,
          co_window_broadway_b, co_window_broadway_a, co_window_sun,
          co_window_4corner_a, glass_columns_b, glass_columns_a
